 Dungeon Crawl Stone Soup version 0.28-a0-1524-ge72afd5fc6 (webtiles) character file.

Game seed: 12525944933471206641

67 lunkers the Digger (level 3, 0/24 HPs)
             Began as a Vampire Earth Elementalist on Jan 17, 2022.
             Slain by Terence (4 damage)
             ... on level 3 of the Dungeon.
             The game lasted 00:01:50 (2073 turns).

lunkers the Digger (Vampire Earth Elementalist)     Turns: 2073, Time: 00:01:51

Health: 0/24       AC:  2    Str:  7    XL:     3   Next: 98%
Magic:  1/7        EV: 12    Int: 19    God:
Gold:   117        SH:  0    Dex: 14    Spells: 1/7 levels left

rFire   . . .      SeeInvis +   (no weapon)
rCold   . . .      Faith    .   (no shield)
rNeg    . . .      Spirit   .   b - +0 robe
rPois   .          Reflect  .   (no helmet)
rElec   .          Harm     .   (no cloak)
rCorr   .          Rampage  .   (no gloves)
Will    .....                   (no boots)
Stlth   ++........              (no amulet)
HPRegen 0.28/turn               (no ring)
MPRegen 0.10/turn               (no ring)

@: healing quickly
A: alive, fangs 3, see invisible, vampiric 2
a: Exsanguinate


You were on level 3 of the Dungeon.
You visited 1 branch of the dungeon, and saw 3 of its levels.

You collected 117 gold pieces.

Inventory:

Missiles
 c - 11 stones
 f - a throwing net
Armour
 b - a +0 robe (worn)
Jewellery
 h - an amulet of faith
Scrolls
 a - 2 scrolls of magic mapping {unknown}
 e - 3 scrolls of enchant weapon {unknown}
 g - a scroll of identify {unknown}
 i - a scroll of silence {unknown}
 j - a scroll of enchant armour {unknown}
 k - a scroll of teleportation {unknown}
Potions
 d - a potion of brilliance {unknown}
 l - a potion of curing {unknown}
 m - a potion of degeneration {unknown}


   Skills:
 - Level 2.1 Dodging
 - Level 3.0 Stealth
 + Level 2.7 Spellcasting
 - Level 1.1 Transmutations
 * Level 4.4 Earth Magic


You had one spell level left.
You knew the following spells:

 Your Spells              Type           Power      Damage    Failure   Level
a - Sandblast             Erth           38%        2d10      2%          1
b - Passwall              Tmut/Erth      10%        N/A       8%          2
c - Stone Arrow           Conj/Erth      20%        3d8       19%         3

Your spell library contained the following spells:

 Spells                   Type           Power      Damage    Failure   Level
 Summon Small Mammal      Summ           8%         N/A       16%         1
 Ignite Poison            Fire/Tmut/Pois 3%         N/A       38%         3
 Call Canine Familiar     Summ           2%         N/A       43%         3
 Conjure Flame            Conj/Fire      2%         6-21      43%         3
 Summon Guardian Golem    Hex/Summ       2%         N/A       43%         3
 Petrify                  Tmut/Erth      13%        N/A       45%         4
 Sticky Flame             Conj/Fire      2%         2d3       83%         4


Dungeon Overview and Level Annotations

Branches:
Dungeon (3/15)

Altars:

Shops:
D:1 [

Annotations:
D:3 Terence


Innate Abilities, Weirdness & Mutations

Your natural rate of healing is accelerated.
You have razor-sharp teeth.
You have supernaturally acute eyesight. (SInv)
You are afflicted with vampirism and can become a bat while bloodless.


Message History

* * * LOW MAGIC WARNING * * *
Terence hits you with a +0 mace!
* * * LOW HITPOINT WARNING * * *
You aren't carrying any items that you can evoke.
Unknown command.
There is a stone staircase leading down here.
Casting: Sandblast (safe; 2% risk of failure)
Confirm with . or Enter, or press ? or * to list all spells.
Aiming: Sandblast (safe; 2% risk of failure)
Press: ? - help, Shift-Dir - straight line, f/p - Terence
Aim: Terence, wielding a +0 mace and wearing a +0 chain mail (heavily wounded, 85% to hit)
You miscast Sandblast.
You are very lightly contaminated with residual magic.
Nothing appears to happen.
Terence hits you with a +0 mace!
* * * LOW HITPOINT WARNING * * *
Unknown command.
Casting: Sandblast (safe; 2% risk of failure)
Confirm with . or Enter, or press ? or * to list all spells.
Aiming: Sandblast (safe; 2% risk of failure)
Press: ? - help, Shift-Dir - straight line, f/p - Terence
Aim: Terence, wielding a +0 mace and wearing a +0 chain mail (heavily wounded, 85% to hit)
The blast of sand hits Terence but does no damage.
Terence is heavily wounded.
Terence hits you with a +0 mace.
* * * LOW HITPOINT WARNING * * *
Unknown command.
Your magical contamination has completely faded away.
There is a stone staircase leading down here.
Casting: Sandblast (safe; 2% risk of failure)
Confirm with . or Enter, or press ? or * to list all spells.
Aiming: Passwall (safe; 8% risk of failure)
Press: ? - help, Dir - move target, p - Terence A rock wall.
* * * LOW MAGIC WARNING * * *
You begin to meditate on the wall.
You continue meditating on the rock.
Terence hits you with a +0 mace.
* * * LOW HITPOINT WARNING * * *
You continue meditating on the rock.
Terence hits you with a +0 mace.
You die...

# #######.######## .
...............############### ..
#.....................<.......
>.##.#.#.#.#####.###..#...#######
### #.#.#.# #.#.....#........ ..
# #.#.#.# #.#........######
...#.#.#.#.# #.......†#.#
....#.#.#>#######.....##.#
..............@@......##.#
..........####.......###.#
..#.##..### #.###...###.# #..#
###.#..÷....#.# #..#
#...#.......#.#
#..####.#.#.......#.#
#.........###....##.#
#.#####.#........# .#
#.#####.#........##.#


You could see Terence.

Vanquished Creatures
  3 adders (D:3)
  A worm (D:3)
  6 ball pythons
  4 bats
  5 endoplasms
  A giant cockroach (D:1)
  5 goblins
  3 hobgoblins
  4 frilled lizards
  2 rats
34 creatures vanquished.

Notes
Turn   | Place    | Note
-------+----------+-------------------------------------------
     0 | D:1      | lunkers the Vampire Earth Elementalist began the quest for
                  | the Orb.
     0 | D:1      | Reached XP level 1. HP: 13/13 MP: 3/3
   186 | D:1      | Reached XP level 2. HP: 19/19 MP: 3/5
   308 | D:1      | Found Akloph's Armour Shoppe.
   323 | D:1      | Found a faded altar of an unknown god.
  1265 | D:2      | Gained mutation: You are afflicted with vampirism and can
                  | become a bat while bloodless. [Vampire growth]
  1265 | D:2      | Reached XP level 3. HP: 24/24 MP: 3/6
  1270 | D:2      | Learned a level 3 spell: Stone Arrow
  1273 | D:2      | Learned a level 2 spell: Passwall
  1673 | D:2      | Reached skill level 4 in Earth Magic
  2012 | D:3      | Noticed Terence
  2073 | D:3      | Slain by Terence

Illustrated notes

Levels and vault maps discovered:
D:1:      dpeg_arrival_prison, layout_basic, serial_shops, shop,
          hellmonk_ecumenical_altar_arch_garden
D:2:      layout_loops_corners
D:3:      layout_loops_ring, nzn_wu_jian_contemplation,
          mainiacjoe_overflow_24_doors, gammafunk_ghost_mausoleum,
          cheibrodos_gnoll_hut, uniq_ijyb, uniq_terence

Skill      XL: |  1  2  3 |
---------------+----------+-----
Earth Magic    | 4 |  4.4
Dodging        | |  2.1
Stealth        | |  3.0
Spellcasting   | |  2.7
Transmutations | |  1.1

Action                   || total
-------------------------++-------
 Cast: Sandblast         ||    58
       Passwall          ||     1
Armor: Robe              ||     1
Dodge: Dodged            ||     7

Table legend: (Time is in decaauts)
 A = Elapsed time spent in this place.
 B = Non-inter-level travel time spent in this place.
 C = Inter-level travel time spent in this place.
 D = Time resting spent in this place.
 E = Time spent auto-exploring this place.
 F = Levels seen in this place.
 G = Mean time per level.
                   A        B        C        D        E       F      G
               +--------+--------+--------+--------+--------+-----+--------+
         Total |   2073 |   2033 |     40 |     42 |   1707 |   3 |  691.0 |
       Dungeon |   2073 |   2033 |     40 |     42 |   1707 |   3 |  691.0 |
               +--------+--------+--------+--------+--------+-----+--------+

Top non-repeatable levels by time:
     D:2: 1078 daAuts
     D:1: 722 daAuts
     D:3: 273 daAuts
